 Dungeon Crawl Stone Soup version 0.19.3-4-gbf9329e (console) character file.

119275 itsmu the Reanimator (level 17, 0/175 HPs)
             Began as a Formicid Necromancer on Jan 29, 2017.
             Was the Champion of Hepliaklqana.
             Slain by a large abomination (18 damage)
             ... on level 3 of the Abyss on Jan 30, 2017.
             The game lasted 03:05:59 (32901 turns).

itsmu the Reanimator (Formicid Necromancer)        Turns: 32901, Time: 03:06:00

Health: 0/175      AC: 28    Str: 21    XL:     17   Next: 34%
Magic:  29/29      EV:  2    Int: 16    God:    Hepliaklqana [******]
Gold:   1712       SH:  0    Dex: 11    Spells: 10 memorised, 9 levels left

rFire  + + .     SeeInvis .     w - +1 long sword (holy)
rCold  + . .     Gourm    .     (armour currently unavailable)
rNeg   + + +     Faith    .     X - +2 large shield {rF+}
rPois  +         Spirit   .     (helmet unavailable)
rElec  +         Reflect  .     (cloak currently unavailable)
rCorr  +         Harm     .     (gloves currently unavailable)
MR     +....                    (boots currently unavailable)
Stlth  +.........               (no amulet)
                                e - ring of wizardry
                                A - ring of positive energy

@: confused, tree-form, resistant (expiring), non-regenerating, diseased,
drained
A: permanent stasis, dig shafts and tunnels, four strong arms, reduced essence,
(antennae 0), strong 1, wild magic 1
a: Recall Ancestor, Ancestor Identity, Transference, Idealise, Renounce Religion


You were on level 3 of the Abyss.
You worshipped Hepliaklqana.
Hepliaklqana was exalted by your worship.
You were not hungry.
You were a tree.
You visited 7 branches of the dungeon, and saw 27 of its levels.
You visited the Abyss 1 time.
You also visited: Ossuary and Bailey.

You collected 3261 gold pieces.
You spent 1549 gold pieces at shops.

Inventory:

Hand Weapons
 a - the +7 demon blade of Dissolution {pain, Stlth+}
   (You acquired it on level 4 of the Lair of Beasts)

   In the hands of one skilled in necromantic magic, it inflicts extra damage on
   living creatures.
   It makes you more stealthy.
 b - a +0 dagger of electrocution
   (You took it off an orc on level 8 of the Dungeon)
 w - a +1 long sword of holy wrath (weapon)
   (You took it off an orc warrior on level 1 of the Orcish Mines)
Armour
 g - a +0 chain mail of fire resistance (melded)
   (You took it off an orc knight on level 1 of the Orcish Mines)
 F - a +0 pair of boots (melded)
   (You found it on level 4 of the Dungeon)
 R - the +2 pair of gloves of the Armadillo (melded) {rElec rPois Str-4 Slay+3}
   (You found it on level 4 of the Lair of Beasts)

   It affects your strength (-4).
   It affects your accuracy and damage with ranged weapons and melee attacks
   (+3).
   It insulates you from electricity.
   It protects you from poison.
 T - a +2 cloak (melded)
   (You found it on level 12 of the Dungeon)
 X - a +2 large shield of fire resistance (worn)
   (You took it off an orc warlord on level 2 of the Orcish Mines)
Jewellery
 d - a cursed ring of loudness {unknown}
   (You found it on level 1 of the Elven Halls)
 e - a ring of wizardry (right branch)
   (You found it on level 2 of the Dungeon)
 t - a +3 ring of evasion
   (You found it on level 4 of the Dungeon)
 A - a ring of positive energy (left branch)
   (You found it on level 3 of the Lair of Beasts)
 C - an uncursed ring of resist corrosion
   (You found it on level 11 of the Dungeon)
 Q - an uncursed ring of stealth
   (You found it on level 7 of the Dungeon)
Wands
 f - a wand of iceblast (4/15)
   (You found it on level 1 of the Elven Halls)
 j - a wand of lightning (3/15)
   (You took it off Urug on level 5 of the Lair of Beasts)
 y - a wand of flame (29/48)
   (You found it on level 2 of the Lair of Beasts)
 I - a wand of iceblast (15/15)
   (You took it off an orc on level 6 of the Dungeon)
 O - a wand of disintegration (19/24)
   (You found it on level 13 of the Dungeon)
 V - a wand of acid (4/15)
   (You found it on level 9 of the Dungeon)
 W - a wand of paralysis (5/24)
   (You found it on level 4 of the Lair of Beasts)
Scrolls
 l - 2 scrolls of recharging
 q - a scroll of silence
 B - 2 scrolls of fog
 N - 2 scrolls of magic mapping
Potions
 i - 3 potions of lignification
 n - a potion of cancellation
 p - 6 potions of brilliance
 v - a potion of might
 H - 2 potions of flight
 M - 2 potions of magic
Miscellaneous
 k - 2 phantom mirrors
Comestibles
 c - 18 bread rations
 m - a meat ration
 o - 5 chunks of flesh


   Skills:
 - Level 11.0(10.9) Fighting
 - Level 13.3(13.2) Long Blades
 - Level 13.1 Armour
 - Level 2.2 Dodging
 - Level 2.4(2.3) Stealth
 - Level 10.7 Shields
 - Level 8.2(8.1) Spellcasting
 - Level 6.8(6.7) Charms
 - Level 14.3(14.2) Necromancy
 - Level 4.8(4.7) Translocations
 + Level 5.6 Air Magic


You had 9 spell levels left.
You knew the following spells:

 Your Spells              Type           Power        Failure   Level  Hunger
a - Pain                  Necr           ####         1%          1    None
b - Animate Skeleton      Necr           N/A          1%          1    None
c - Animate Dead          Necr           N/A          1%          4    ###....
d - Vampiric Draining     Necr           ######....   1%          3    #......
e - Control Undead        Necr           ######....   1%          4    ###....
s - Swiftness             Chrm/Air       ####....     2%          2    None
A - Apportation           Tloc           ####......   3%          1    None
O - Repel Missiles        Chrm/Air       ####..       2%          2    None
P - Song of Slaying       Chrm           #####...     1%          2    None
R - Regeneration          Chrm/Necr      ######....   1%          3    #......


Dungeon Overview and Level Annotations

Branches:
Dungeon (15/15) Temple (1/1) D:5 Lair (6/6) D:10 Swamp (0/4) Lair:4 Spider (1/4) Lair:4 Slime (0/5) Lair:6 Orc (2/2) D:11 Elf (1/3) Orc:2 Vaults (0/5) D:13 D:14 Depths (1/5) D:15

Altars:
Ashenzari
Cheibriados
Dithmenos
Elyvilon
Fedhas
Gozag
Hepliaklqana
Kikubaaqudgha
Makhleb
Nemelex Xobeh
Okawaru
Qazlal
Ru
Sif Muna
Trog
Uskayaw
Vehumet
Xom
Yredelemnul
Zin
The Shining One

Shops:
D:10 =   Orc:2 *([:

Annotations:
D:11 exclusions: downstairs and orange crystal statue
Lair:4 exclusion: oklob plant
Lair:5 exclusion: 2 oklob plants
Depths:1 ENCHANTRESS RIGHT THERE!!, the Enchantress


Innate Abilities, Weirdness & Mutations

You are under a permanent stasis effect.
You can dig through walls and to a lower floor.
Your four strong arms can wield two-handed weapons with a shield.
((You have a pair of large antennae on your head. (SInv)))
Your life essence is reduced. (-10% HP)
Your muscles are strong. (Str +2)
Your spells are a little harder to cast, but a little more powerful.


Message History

You swing at nothing.
The golden eye blinks!
The ancient zyme hits you.
* * * LOW HITPOINT WARNING * * *
The ancient zyme hits you but does no damage.
The large abomination hits you.
* * * LOW HITPOINT WARNING * * *
A large abomination comes into view.
You swing at nothing.
The raiju barks!
The ancient zyme hits you but does no damage. x2
You feel ill.
The raiju looks sick.
The large abomination hits you but does no damage.
You slash the large abomination!
The large abomination convulses.
The large abomination is almost destroyed.
The golden eye blinks at you. You resist with almost no effort.
The ancient zyme hits you but does no damage. x2
The golden eye blinks at you. You resist with almost no effort.
You swing at nothing.
The golden eye blinks!
The large abomination hits you!!
You die...

..# { # #.## ...
# # . .#.###
.#... ##.
.#...... #
#....... .
#.....## ..
.#.#.##...#...##
#..#..#
..#...#.. #.
##..G§###...##.
..# .
...#.X.†.X#..# .
# # ... #h.x♣.#
## #. . . .#
#####..## # # #
#§ ..## . # .
#.{ { # .. # #
..# . .#. . h..
{ # . ..#. .. #.
.# ## #. . ## #.
.


You could see an ancient zyme, 2 large abominations, a raiju and a golden eye.

Vanquished Creatures
  A lich (Abyss:3)
  Frances (D:12)
  An orc warlord (Orc:2)
  The ghost of pib the Cleaver, a journeyman MiFi of the Shining One (Orc:2)
  The ghost of Quirk the Fighter, a journeyman DsFi of Okawaru (D:14)
  A stone giant (Depths:1)
  Nessos (D:13)
  Snorg (Orc:1)
  An ettin (shapeshifter) (D:15)
  A merfolk javelineer (Depths:1)
  2 hydras
  An ice dragon (D:15)
  A catoblepas (Lair:6)
  A centaur warrior (D:14)
  9 death yaks
  3 orc high priests (Orc:2)
  2 dancing weapons
  A thrashing horror (Abyss:3)
  The ghost of buskinjo the Destroyer, a novice TeAE of Vehumet (Bailey)
  A sixfirhy (Abyss:3)
  An unseen horror (D:10)
  A glowing orange brain (D:15)
  4 deep elf archers
  5 hill giants
  A mana viper (shapeshifter) (Elf:1)
  A wolf spider (Lair:4)
  5 deep elf magi
  13 ugly things
  4 cyclopes
  9 orc knights
  An orc sorcerer (Orc:2)
  A manticore (D:11)
  7 elephants (Lair:4)
  2 black mambas
  A guardian serpent (shapeshifter) (D:15)
  A smoke demon (Abyss:3)
  2 centaur zombies
  9 spiny frogs
  2 gargoyles
  A yaktaur (Depths:1)
  4 rime drakes
  5 komodo dragons
  A demonic crawler (Lair:4)
  A redback zombie (D:15)
  6 meliai
  3 tengu conjurers (D:15)
  10 trolls
  6 hornets
  4 two-headed ogres
  A hornet (shapeshifter) (D:15)
  5 polar bears (Lair:6)
  15 slime creatures
  A blink frog (shapeshifter) (D:15)
  7 hippogriffs
  7 blink frogs
  A harpy skeleton (D:15)
  9 raiju (Abyss:3)
  An air elemental (Elf:1)
  A large abomination (Abyss:3)
  A shadow (D:13)
  14 spriggans (Lair:6)
  27 yaks
  2 redbacks
  A wyvern (shapeshifter) (D:15)
  5 wraiths
  5 wyverns
  4 basilisks
  13 humans
  17 vampire mosquitoes
  A hungry ghost (D:12)
  Menkaure (Ossuary)
  A mottled dragon (D:15)
  2 swamp worms (Lair:4)
  3 wargs (Orc:2)
  A soldier ant (D:12)
  A water moccasin (shapeshifter) (D:15)
  A soldier ant (shapeshifter) (D:15)
  5 water moccasins
  6 porcupines
  A hornet zombie (D:11)
  A phantom (D:9)
  3 black bears
  38 orc warriors
  2 ice beasts
  3 sky beasts
  5 ogres
  2 eyes of draining
  A necrophage (D:12)
  2 boggarts (Lair:6)
  37 wolves
  14 centaurs
  15 crocodiles
  A small abomination (Abyss:3)
  12 bullfrogs
  4 scorpions
  32 killer bees
  11 wights
  2 vampire bats (D:7)
  10 howler monkeys
  5 crimson imps
  3 centaur skeletons
  5 hounds
  14 jellies
  8 orc priests
  Crazy Yiuf (D:6)
  5 iguanas
  19 orc wizards
  Jessica (D:3)
  3 bullfrog skeletons
  6 worker ants
  A gnoll (Bailey)
  7 adders
  4 shadow imps
  An ooze (D:7)
  2 adder skeletons
  3 worms
  A dart slug (D:1)
  9 leopard geckos
  70 orcs
  4 ball pythons
  11 bats
  3 bat skeletons (D:7)
  2 bat zombies (D:7)
  9 giant cockroaches
  7 goblins
  11 hobgoblins
  14 jackals
  3 quokkas
  A ball python skeleton (D:5)
  5 frilled lizards
  2 gnoll skeletons (Ossuary)
  2 gnoll zombies (Ossuary)
  2 goblin zombies (Ossuary)
  A hobgoblin zombie (Ossuary)
  A jackal skeleton (D:4)
  14 kobolds
  2 kobold skeletons (Ossuary)
  3 kobold zombies (Ossuary)
  A leopard gecko zombie (D:8)
  4 orc skeletons (Ossuary)
  An orc zombie (D:7)
  A quokka zombie (D:5)
  27 rats
  A rat skeleton (Ossuary)
  2 rat zombies (Ossuary)
  A fungus (Lair:5)
  4 plants
805 creatures vanquished.

Vanquished Creatures (collateral kills)
  A deep elf sorcerer (Orc:2)
  A spriggan defender (Depths:1)
  Josephine (D:12)
  2 hydras
  Erolcha (D:11)
  A centaur warrior (D:14)
  3 death yaks
  Urug (Lair:5)
  An orc knight (Orc:2)
  A hill giant (D:10)
  An orb spider (Lair:4)
  A deep elf mage (Elf:1)
  An ugly thing (D:14)
  A manticore (Lair:4)
  3 slime creatures
  A cyclops (D:14)
  Joseph (D:7)
  2 black mambas (Lair:4)
  5 spiny frogs
  A gargoyle (D:10)
  5 komodo dragons
  2 rime drakes
  A queen bee (Lair:4)
  A meliai (D:14)
  A troll (D:14)
  A polar bear (Lair:6)
  4 hippogriffs
  2 blink frogs (Lair:3)
  A wyvern (Lair:3)
  A wraith (D:10)
  A water elemental (Depths:1)
  3 humans
  10 yaks
  2 hungry ghosts
  A basilisk (Lair:5)
  A golden eye (Abyss:3)
  4 water moccasins
  6 orc warriors
  3 ogres
  2 necrophages
  11 wolves
  A centaur (D:6)
  2 crocodiles
  4 bullfrogs
  6 killer bees (Lair:4)
  2 howler monkeys
  4 wights (D:6)
  A vampire bat (D:7)
  A crimson imp (D:11)
  3 jellies (Lair:6)
  A bullfrog skeleton (D:10)
  4 orc priests
  3 hounds
  5 orc wizards
  A killer bee zombie (D:10)
  A howler monkey zombie (D:7)
  3 mummies
  A worker ant zombie (D:6)
  An ooze (D:7)
  A leopard gecko (D:8)
  22 orcs
  A bat skeleton (D:7)
  A gnoll zombie (Ossuary)
  A hobgoblin (D:2)
  2 jackals (D:7)
  A frilled lizard (D:2)
  A gnoll skeleton (Ossuary)
  A goblin zombie (Ossuary)
  2 hobgoblin zombies (Ossuary)
  2 kobold zombies
  An orc zombie (Ossuary)
  2 rats (D:2)
  4 rat skeletons (Ossuary)
  7 fungi
  3 plants
189 creatures vanquished.

Vanquished Creatures (others)
  A centaur warrior (Depths:1)
  A vampire (D:13)
  37 hexers
  A mummy (Ossuary)
  4 gnoll skeletons (Ossuary)
  A gnoll zombie (Ossuary)
  A goblin skeleton (Ossuary)
  A goblin zombie (Ossuary)
  A hobgoblin skeleton (Ossuary)
  3 hobgoblin zombies (Ossuary)
  2 kobold zombies (Ossuary)
  4 orc skeletons (Ossuary)
  An orc zombie (Ossuary)
  A rat skeleton (Ossuary)
  A rat zombie (Ossuary)
  22 fungi
  25 plants
107 creatures vanquished.

Grand Total: 1101 creatures vanquished

Notes
Turn   | Place    | Note
-------+----------+-------------------------------------------
     0 | D:1      | itsmu the Formicid Necromancer began the quest for the Orb.
     0 | D:1      | Reached XP level 1. HP: 13/13 MP: 3/3
   325 | D:1      | Reached skill level 1 in Fighting
   325 | D:1      | Reached XP level 2. HP: 16/21 MP: 0/5
   407 | D:1      | Learned a level 1 spell: Animate Skeleton
   490 | D:1      | Reached skill level 1 in Armour
   711 | D:1      | Reached XP level 3. HP: 24/26 MP: 2/6
  2156 | D:2      | Found a white marble altar of Elyvilon.
  2311 | D:2      | Reached XP level 4. HP: 28/33 MP: 4/7
  2418 | D:2      | Learned a level 3 spell: Vampiric Draining
  2598 | D:2      | Found a shadowy altar of Dithmenos.
  2858 | D:2      | Reached skill level 1 in Long Blades
  3392 | D:2      | Found a snail-covered altar of Cheibriados.
  3393 | D:2      | Found a shimmering altar of Xom.
  3607 | D:3      | Noticed Jessica
  3638 | D:3      | Reached XP level 5. HP: 33/38 MP: 1/8
  3710 | D:3      | Learned a level 3 spell: Regeneration
  3716 | D:3      | Killed Jessica
  4059 | D:3      | mb this was a mistake
  4065 | D:3      | HP: 1/39 [orc priest/short sword (7)]
  4267 | D:3      | Gained mutation: Your muscles are strong. (Str +2) [potion of beneficial mutation]
  4268 | D:3      | Gained mutation: Your spells are a little harder to cast, but a little more powerful. [potion of beneficial mutation]
  4269 | D:3      | not what i was going for really crawl
  4378 | D:3      | Reached XP level 6. HP: 24/46 MP: 9/9
  5307 | D:4      | hm
  5435 | D:4      | Reached skill level 5 in Necromancy
  5784 | D:4      | Learned a level 1 spell: Apportation
  5801 | D:4      | Found a glowing golden altar of the Shining One.
  5985 | D:4      | You fall through a shaft for 2 floors!
  5985 | D:6      | Found a white marble altar of Elyvilon.
  5986 | D:6      | nooo
  6076 | D:5      | Entered Level 5 of the Dungeon
  6183 | D:5      | Found a staircase to the Ecumenical Temple.
  6195 | Temple   | Entered the Ecumenical Temple
  6259 | Temple   | Became a worshipper of Hepliaklqana the Forgotten
  6516 | D:5      | Reached skill level 6 in Necromancy
  6516 | D:5      | Reached XP level 7. HP: 37/45 MP: 8/10
  6596 | D:5      | Found a bloodstained altar of Trog.
  6835 | D:5      | Found a deep blue altar of Sif Muna.
  6835 | D:5      | Found a radiant altar of Vehumet.
  7290 | D:6      | nice attack speed
  7290 | D:6      | Reached skill level 7 in Necromancy
  7374 | D:6      | Reached XP level 8. HP: 23/51 MP: 11/11
  7711 | D:6      | Reached skill level 8 in Necromancy
  7747 | D:6      | Reached * piety under Hepliaklqana
  7934 | D:6      | Found a sacrificial altar of Ru.
  8170 | D:6      | Reached skill level 9 in Necromancy
  8315 | D:6      | Found a runed door.
  8383 | D:6      | what's the worst that could happen
  8383 | D:6      | Noticed Crazy Yiuf
  8388 | D:6      | Killed Crazy Yiuf
  8587 | D:7      | wait where's my boy
  8598 | D:6      | oh
  8660 | D:7      | Reached XP level 9. HP: 55/55 MP: 7/12
  8669 | D:7      | Reached skill level 10 in Necromancy
  8704 | D:7      | Found a sand-covered staircase.
  8711 | Ossuary  | Entered an ossuary
  8923 | Ossuary  | Noticed Menkaure
  8935 | Ossuary  | Killed Menkaure
  9359 | D:7      | Noticed Joseph
  9426 | D:7      | Killed Joseph
  9530 | D:7      | Found a glowing silver altar of Zin.
  9797 | D:7      | Reached ** piety under Hepliaklqana
  9797 | D:7      | Found an ancient bone altar of Kikubaaqudgha.
  9798 | D:7      | Remembered your ancestor Bozo as a hexer
 10022 | D:8      | Noticed a hippogriff
 10036 | D:8      | Killed a hippogriff
 10303 | D:8      | Reached XP level 10. HP: 49/65 MP: 14/16
 10479 | D:9      | Reached skill level 5 in Long Blades
 10607 | D:9      | Reached skill level 5 in Fighting
 10880 | D:9      | Reached skill level 5 in Armour
 10976 | D:9      | Found a burning altar of Makhleb.
 11187 | D:9      | Reached *** piety under Hepliaklqana
 11373 | D:9      | Found a deep blue altar of Sif Muna.
 11607 | D:10     | Entered Level 10 of the Dungeon
 11646 | D:10     | Reached skill level 1 in Charms
 11650 | D:10     | Noticed a purple ugly thing
 11662 | D:10     | Killed a purple ugly thing
 11662 | D:10     | Reached skill level 5 in Spellcasting
 11995 | D:10     | Found a staircase to the Lair.
 12179 | D:10     | Found Jaolanki's Jewellery Emporium.
 12231 | D:10     | Noticed a hill giant
 12231 | D:10     | hm
 12233 | D:10     | Noticed a hill giant
 12233 | D:10     | oh my
 12244 | D:10     | Reached skill level 11 in Necromancy
 12266 | D:9      | Reached XP level 11. HP: 49/72 MP: 5/19
 12377 | D:10     | Reached skill level 1 in Shields
 12442 | D:10     | Killed a hill giant
 12451 | D:10     | Killed a hill giant
 13085 | D:10     | Noticed an unseen horror
 13117 | D:10     | Killed an unseen horror
 13284 | D:11     | Noticed an orange crystal statue
 13347 | Lair:1   | Entered Level 1 of the Lair of Beasts
 13378 | Lair:1   | Learned a level 4 spell: Animate Dead
 13383 | Lair:1   | Learned a level 4 spell: Control Undead
 13681 | Lair:1   | Reached **** piety under Hepliaklqana
 13898 | Lair:1   | Noticed a six-headed hydra
 13907 | Lair:1   | Killed a six-headed hydra
 14830 | Lair:3   | Reached XP level 12. HP: 67/80 MP: 21/21
 14985 | Lair:3   | Reached skill level 5 in Shields
 15160 | Lair:3   | Got a faintly glowing iron ring
 15162 | Lair:3   | Identified the ring of Fetapt Xapp {rElec rC- Str+4 Int+5 Dex+7} (You found it on level 3 of the Lair of Beasts)
 15163 | Lair:3   | hmmmmm
 15450 | Lair:3   | Reached ***** piety under Hepliaklqana
 15582 | Lair:3   | Reached skill level 1 in Translocations
 16215 | Lair:4   | Found a staircase to the Swamp.
 16243 | Lair:4   | Noticed an eight-headed hydra
 16253 | Lair:4   | uh
 16263 | Lair:3   | Killed an eight-headed hydra
 16708 | Lair:4   | Reached XP level 13. HP: 58/86 MP: 2/23
 16806 | Lair:4   | what
 17372 | Lair:4   | the what
 17578 | Lair:4   | Reached skill level 5 in Charms
 18058 | Lair:4   | Identified a scroll of acquirement
 18059 | Lair:4   | Got a transparent demon blade
 18060 | Lair:4   | Identified the +7 demon blade of Dissolution {pain, Stlth+} (You acquired it on level 4 of the Lair of Beasts)
 18061 | Lair:4   | i'll take it
 18216 | Lair:4   | Reached skill level 10 in Long Blades
 18218 | Lair:4   | Noticed a five-headed hydra
 18238 | Lair:4   | Killed a five-headed hydra
 18300 | Lair:4   | Got a pair of jewelled gloves
 18310 | Lair:4   | Identified the +2 pair of gloves of the Armadillo {rElec rPois Str-4 Slay+3} (You found it on level 4 of the Lair of Beasts)
 18479 | Lair:4   | Found a blossoming altar of Fedhas.
 18726 | Lair:4   | Found a hole to the Spider Nest.
 19337 | Lair:5   | Noticed Urug
 19364 | Lair:5   | Reached skill level 12 in Necromancy
 19368 | Lair:5   | Reached XP level 14. HP: 54/95 MP: 16/25
 19374 | Lair:5   | what have i done
 19384 | Lair:5   | Killed Urug
 20089 | Lair:6   | Entered Level 6 of the Lair of Beasts
 20168 | Lair:6   | Reached skill level 10 in Armour
 20410 | Lair:6   | Found a staircase to the Slime Pits.
 20714 | Lair:6   | Reached ****** piety under Hepliaklqana
 20816 | Lair:6   | Reached skill level 10 in Shields
 22595 | D:11     | Noticed Erolcha
 22600 | D:11     | Killed Erolcha
 22600 | D:11     | Reached XP level 15. HP: 100/100 MP: 27/27
 22601 | D:11     | jesus
 22769 | D:11     | Found a staircase to the Orcish Mines.
 22796 | Orc:1    | Entered Level 1 of the Orcish Mines
 22798 | Orc:1    | Found a flagged portal.
 22907 | Bailey   | Entered a bailey
 22907 | Bailey   | Noticed buskinjo's ghost (novice TeAE)
 22908 | Bailey   | hm
 22925 | Bailey   | Killed buskinjo's ghost
 23069 | Bailey   | Found a bloodstained altar of Trog.
 23176 | Orc:1    | Noticed Snorg
 23192 | Orc:1    | Killed Snorg
 23274 | Orc:2    | Entered Level 2 of the Orcish Mines
 23274 | Orc:2    | Noticed pib's ghost (journeyman MiFi)
 23283 | Orc:1    | hm
 23638 | Orc:1    | uh oh
 24094 | Orc:2    | Noticed an orc warlord
 24986 | D:12     | Noticed Josephine
 25018 | D:12     | Killed Josephine
 25210 | D:11     | wow that's a lot of drained
 25470 | D:12     | Noticed Frances
 25484 | D:12     | Killed Frances
 26047 | D:13     | i want dispel so bad
 26132 | D:14     | Found a gate to the Vaults.
 26132 | D:14     | Noticed Nessos
 26133 | D:14     | literally the worst possible scenario
 26158 | D:13     | Reached skill level 13 in Necromancy
 26771 | D:14     | Noticed Quirk's ghost (journeyman DsFi)
 26877 | D:14     | oh right this thing
 26983 | D:13     | Reached skill level 10 in Fighting
 27033 | D:13     | Killed Nessos
 27096 | D:14     | Killed Quirk's ghost
 27097 | D:14     | nice
 27222 | D:14     | Reached XP level 16. HP: 80/109 MP: 22/28
 27942 | D:15     | Entered Level 15 of the Dungeon
 27985 | D:15     | Found a shadowy altar of Dithmenos.
 29201 | D:15     | Reached skill level 14 in Necromancy
 29299 | D:15     | Found a staircase to the Depths.
 29307 | Depths:1 | Entered Level 1 of the Depths
 29308 | Depths:1 | greetings
 29407 | Depths:1 | Noticed the Enchantress
 29408 | Depths:1 | uh
 29423 | D:15     | well that is off the table
 29738 | Orc:2    | Found a staircase to the Elven Halls.
 29798 | Orc:1    | hm
 29957 | Orc:1    | ok bozo i need a chain paralyse
 29976 | Orc:2    | Killed pib's ghost
 29977 | Orc:2    | gj
 30016 | Orc:2    | Found Pishu's Antique Weapon Shop.
 30304 | Orc:2    | Found Xoixkagg's General Store.
 30323 | Orc:2    | Bought a potion of heal wounds for 70 gold pieces
 30323 | Orc:2    | Bought a potion of resistance for 140 gold pieces
 30323 | Orc:2    | Bought a scroll of identify for 28 gold pieces
 30449 | Orc:2    | Found Ishriaseo's Book Shoppe.
 30479 | Orc:2    | Bought a book of Battle for 480 gold pieces
 30479 | Orc:2    | Bought a book of Air for 420 gold pieces
 30549 | Orc:2    | Found Nohan's Antique Armour Shop.
 30557 | Orc:2    | Bought a jewelled ring mail for 252 gold pieces
 30557 | Orc:2    | Bought a warped robe for 159 gold pieces
 30572 | Orc:2    | Identified the +2 robe "Kiefalug" {*Drain rF+ MR+ Dex+7} (You bought it in a shop on level 2 of the Orcish Mines)
 30584 | Orc:2    | Identified the +1 ring mail of the First Wishes {MR- Str+4} (You bought it in a shop on level 2 of the Orcish Mines)
 30974 | Lair:1   | Learned a level 2 spell: Song of Slaying
 30977 | Lair:1   | Learned a level 2 spell: Swiftness
 30980 | Lair:1   | Learned a level 2 spell: Repel Missiles
 31099 | Spider:1 | Entered Level 1 of the Spider Nest
 31100 | Spider:1 | wow
 31160 | Lair:4   | ugh
 31180 | Spider:1 | alright i'm dead
 31198 | Lair:4   | Reached skill level 1 in Air Magic
 31581 | Lair:3   | Reached XP level 17. HP: 117/117 MP: 27/29
 31761 | Elf:1    | Entered Level 1 of the Elven Halls
 31805 | Orc:2    | jesus
 32343 | Orc:2    | ok drain is no joke
 32616 | Elf:1    | Cast into level 3 of the Abyss (a deep elf sorcerer)
 32617 | Abyss:3  | why tho
 32699 | Abyss:3  | Noticed a lich
 32717 | Abyss:3  | Killed a lich
 32725 | Abyss:3  | Reached skill level 5 in Air Magic
 32893 | Abyss:3  | HP: 5/117 [ancient zyme (3)]
 32901 | Abyss:3  | Slain by a large abomination

Skill      XL: |  1  2  3  4  5  6  7  8  9 10 11 12 13 14 15 16 17 |
---------------+----------------------------------------------------+-----
Fighting       | 1 2 4 5 6 7 8 10 11 | 11.0
Armour         | 1 2 4 5 7 8 9 10 12 13 | 13.1
Long Blades    | 1 2 4 7 8 9 10 11 12 13 | 13.3
Necromancy     | 6 7 9 10 11 12 13 14 | 14.3
Spellcasting   | 4 5 6 7 8 |  8.2
Charms         | 2 3 4 5 6 |  6.8
Shields        | 4 7 8 10 | 10.7
Translocations | 1 3 4 |  4.8
Dodging        | 2 |  2.2
Air Magic      | 1 5 |  5.6
Stealth        | |  2.4

Action                   |  1- 3 |  4- 6 |  7- 9 | 10-12 | 13-15 | 16-18 || total
-------------------------+-------+-------+-------+-------+-------+-------++-------
Melee: Dagger            |    19 |       |       |   475 |   280 |     6 ||   780
       Mace              |    49 |       |       |       |       |       ||    49
       Falchion          |    19 |    88 |   337 |    38 |       |       ||   482
       Demon blade       |       |       |       |       |   930 |   588 ||  1518
       Long sword        |       |       |       |       |       |    47 ||    47
 Cast: Pain              |    72 |   126 |    36 |   115 |    48 |     8 ||   405
       Animate Skeleton  |     9 |    34 |    21 |    43 |    87 |    31 ||   225
       Vampiric Draining |       |     4 |    23 |    80 |    70 |    20 ||   197
       Regeneration      |       |     1 |     2 |    11 |    65 |    32 ||   111
       Apportation       |       |     1 |       |       |    22 |       ||    23
       Animate Dead      |       |       |       |     6 |    38 |    15 ||    59
       Repel Missiles    |       |       |       |       |       |     1 ||     1
       Song of Slaying   |       |       |       |       |       |     1 ||     1
Invok: Ancestor Identity |       |     1 |       |       |       |       ||     1
       Recall Ancestor   |       |       |     1 |     1 |     9 |     5 ||    16
       Ancestor Life: He |       |       |     1 |       |       |       ||     1
 Abil: Dig               |     1 |     1 |     5 |     8 |    21 |     4 ||    40
Evoke: Wand              |       |       |       |     2 |     7 |     2 ||    11
  Use: Scroll            |       |     6 |    10 |     6 |     8 |     5 ||    35
       Potion            |       |     4 |       |     2 |     9 |    21 ||    36
 Stab: Sleeping          |     1 |     1 |       |       |     7 |       ||     9
       Distracted        |       |       |     2 |     3 |    19 |     6 ||    30
       Confused          |       |       |     1 |     4 |       |       ||     5
       Petrified         |       |       |       |       |     4 |       ||     4
       Paralysed         |       |       |       |       |    21 |    22 ||    43
       Invisible         |       |       |       |       |       |     1 ||     1
  Eat: Chunk             |     6 |    16 |     9 |    24 |    36 |    13 ||   104
       Meat ration       |       |       |     1 |     1 |     1 |     1 ||     4
       Beef jerky        |       |       |     3 |       |     2 |       ||     5
       Pizza             |       |       |       |       |     2 |       ||     2
       Bread ration      |       |       |       |       |     3 |     2 ||     5
Armor: Robe              |     8 |    11 |       |       |       |       ||    19
       Leather armour    |       |    13 |    28 |       |       |       ||    41
       Scale mail        |       |     1 |    92 |   148 |   225 |       ||   466
       Chain mail        |       |       |       |       |   156 |   239 ||   395
       Skin              |       |       |       |       |       |    43 ||    43
Dodge: Dodged            |    44 |    97 |   248 |   286 |   573 |   176 ||  1424
       Deflected         |       |       |       |       |       |     2 ||     2
Block: Buckler           |       |       |       |    87 |   314 |    80 ||   481
       Large shield      |       |       |       |       |       |   231 ||   231
       Rpst.: Falchion   |     7 |    32 |    83 |     7 |       |       ||   129
       Demon blade       |       |       |       |       |    99 |    48 ||   147
       Long sword        |       |       |       |       |       |     2 ||     2
